 Dungeon Crawl Stone Soup version 0.22.0-75-g3901e7991e (webtiles) character file.

328 Peloso the Covered (level 6, -1/53 HPs)
             Began as a Minotaur Fighter on Sept 15, 2018.
             Was an Initiate of Okawaru.
             Slain by an orc wizard
             ... wielding a +0 dagger
              (2 damage)
             ... on level 4 of the Dungeon.
             The game lasted 00:09:03 (3422 turns).

Peloso the Covered (Minotaur Fighter)               Turns: 3422, Time: 00:09:04

Health: -1/53      AC: 11    Str: 21    XL:     6   Next: 25%
Magic:  5/5        EV:  6    Int:  5    God:    Okawaru [......]
Gold:   189        SH: 10    Dex: 11    Spells: 5/5 levels left

rFire    . . .     SeeInvis .   a - +0 long sword
rCold    . . .     Gourm    .   c - +0 shield
rNeg     . . .     Faith    .   b - +0 chain mail
rPois    .         Spirit   .   (helmet restricted)
rElec    .         Reflect  .   (no cloak)
rCorr    .         Harm     .   (no gloves)
MR       .....                  r - +0 pair of boots
Stlth    ..........             (no amulet)
HPRegen  0.17/turn              (no ring)
MPRegen  0.09/turn              (no ring)

@: slowed, very slow
A: retaliatory headbutt, horns 2
a: Renounce Religion


You were on level 4 of the Dungeon.
You worshipped Okawaru.
Okawaru was noncommittal.
You were not hungry.

You visited 2 branches of the dungeon, and saw 5 of its levels.

You collected 189 gold pieces.

Inventory:

Hand Weapons
 a - a +0 long sword (weapon)
Armour
 b - a +0 chain mail (worn)
 c - a +0 shield (worn)
 r - a +0 pair of boots (worn)
Jewellery
 l - an uncursed amulet of harm
Wands
 g - a wand of enslavement (18)
 n - a wand of acid (8)
Scrolls
 e - 3 scrolls of identify
 h - a scroll of enchant armour {unknown}
 i - a scroll of teleportation {unknown}
 p - 3 scrolls of amnesia {unknown}
Potions
 d - 2 potions of might
 j - a potion of magic {unknown}
 k - a potion of resistance
 m - 2 potions of curing
 o - 4 potions of heal wounds {unknown}
 s - 3 potions of brilliance {unknown}
Comestibles
 f - 6 rations


   Skills:
 + Level 4.4 Fighting
 + Level 4.4 Long Blades
 + Level 6.1 Armour
 + Level 0.9 Dodging
 + Level 4.9 Shields


You had 5 spell levels left.
You didn't know any spells.
Your spell library was empty.

Dungeon Overview and Level Annotations

Branches:
Dungeon (4/15)             Temple (1/1) D:4

Altars:
Ashenzari
Dithmenos
Elyvilon
Fedhas
Hepliaklqana
Kikubaaqudgha
Okawaru
Qazlal
Sif Muna
Trog
Vehumet
Wu Jian
Xom
The Shining One


Innate Abilities, Weirdness & Mutations

You reflexively headbutt those who attack you in melee.
You have a pair of horns on your head.


Message History

Reactivating autopickup.
Your Armour skill increases to level 6!
You feel a bit more experienced.
The orc wizard hits you but does no damage.
You block the orc wizard's attack.
The orc wizard hits you but does no damage.
Your shield and chain mail prevent you from hitting the orc wizard.
You headbutt the orc wizard.
The orc wizard is moderately wounded.
The orc wizard points at you and mumbles some strange words.
The magic dart hits you!
* * * LOW HITPOINT WARNING * * *
The orc wizard hits you but does no damage.
Your shield prevents you from hitting the orc wizard.
The orc wizard is moderately wounded.
The orc wizard hits you with a dagger.
* * * LOW HITPOINT WARNING * * *
The orc wizard hits you but does no damage.
The orc wizard hits you with a dagger.
You die...

# .... #.## ##...
.. #..# #... ...
#..###.. #...
#..#..# #....
#.....# ##.....
#o..#..####.......
#.o ##o#).......#
o ##@).....##
###..)...##
##.......## ## #.#
###........# #.
#.. #...##....##
###. #.
#..###..#........
#. #.###..##..###
.. # ##.# #..###.#
#.## # #.####.##
#.# #..# #


You could see an orc wizard.

Vanquished Creatures
  An ogre (D:4)
  A howler monkey (D:4)
  An orc priest (D:4)
  A worker ant (D:4)
  An orc wizard (D:4)
  An adder (D:2)
  2 shadow imps
  An adder skeleton (D:4)
  A worm (D:2)
  5 dart slugs
  4 leopard geckos
  11 orcs
  3 bats
  2 giant cockroaches
  7 goblins
  A hobgoblin (D:3)
  3 jackals (D:1)
  3 quokkas
  2 ball pythons
  3 frilled lizards
  9 kobolds
  9 rats
72 creatures vanquished.

Notes
Turn   | Place    | Note
-------+----------+-------------------------------------------
     0 | D:1      | Peloso the Minotaur Fighter began the quest for the Orb.
     0 | D:1      | Reached XP level 1. HP: 19/19 MP: 0/0
   233 | D:1      | Reached XP level 2. HP: 26/27 MP: 1/1
   403 | D:1      | Reached skill level 4 in Armour
   657 | D:1      | Reached XP level 3. HP: 30/33 MP: 2/2
  1077 | D:2      | Found an iron altar of Okawaru.
  1091 | D:2      | Became a worshipper of Warmaster Okawaru
  1774 | D:3      | Reached XP level 4. HP: 40/40 MP: 3/3
  1856 | D:3      | Found an ornate altar of the Wu Jian Council.
  2014 | D:3      | Found a stormy altar of Qazlal.
  2114 | D:3      | Found a blossoming altar of Fedhas.
  2613 | D:4      | Reached skill level 5 in Armour
  2613 | D:4      | Reached XP level 5. HP: 31/46 MP: 4/4
  2899 | D:4      | Found a staircase to the Ecumenical Temple.
  2908 | Temple   | Entered the Ecumenical Temple
  3129 | D:4      | Noticed an ogre
  3137 | D:4      | Killed an ogre
  3137 | D:4      | Reached XP level 6. HP: 17/53 MP: 5/5
  3420 | D:4      | Reached skill level 6 in Armour
  3422 | D:4      | HP: 1/53 [orc wizard/dagger (4)]
  3422 | D:4      | Slain by an orc wizard

Skill      XL: |  1  2  3  4  5  6 |
---------------+-------------------+-----
Armour         | 4 5 6 |  6.1
Fighting       | 4 |  4.4
Shields        | 4 |  4.9
Long Blades    | 3 4 |  4.4
Dodging        | |  0.9

Action                   |  1- 3 |  4- 6 || total
-------------------------+-------+-------++-------
Melee: Long sword        |   105 |   114 ||   219
       Headbutt          |    14 |    26 ||    40
  Use: Scroll            |       |     6 ||     6
       Potion            |       |     1 ||     1
  Eat: Chunk             |     2 |     6 ||     8
Armor: Scale mail        |    50 |     8 ||    58
       Chain mail        |       |    53 ||    53
Dodge: Dodged            |    40 |    22 ||    62
Block: Shield            |    55 |    54 ||   109
       Rpst.: Long sword |     8 |     3 ||    11
